 Dungeon Crawl Stone Soup version 0.30.0-29-ga12c61a403 (webtiles) character file.

Game seed: 16747293615442642543

167 cdecastro the Changer (level 5, -3/46 HPs)
             Began as a Draconian Transmuter on June 20, 2023.
             Was an Initiate of Yredelemnul.
             Killed from afar by an orc wizard (13 damage)
             ... with a puff of flame
             ... on level 3 of the Dungeon.
             The game lasted 00:05:13 (1955 turns).

cdecastro the Changer (Draconian Transmuter)        Turns: 1955, Time: 00:05:13

Health: -3/46      AC:  5    Str: 13    XL:     5   Next: 23%
Magic:  8/8        EV: 12    Int: 15    God:    Yredelemnul [......]
Gold:   67         SH:  0    Dex: 11    Spells: 2/8 levels left

rFire   . .          .
                       - Unarmed
rCold   . . .        (no shield)
rNeg    . . .        (body armour unavailable)
rPois   .            (helmet restricted)
rElec   .            (no cloak)
rCorr   +            (no gloves)
SInv    .            (no boots)
Will    .....        (no amulet)
Stlth   +            j - ring of resist corrosion
HPRegen 0.27/turn    (no ring)
MPRegen 0.11/turn

%: no passive effects
@: confused
A: AC +5, unfitting armour, cold-blooded
a: Renounce Religion, Recall Undead Harvest


You were on level 3 of the Dungeon.
You worshipped Yredelemnul.
Yredelemnul was noncommittal.
You visited 1 branch of the dungeon, and saw 3 of its levels.

You collected 67 gold pieces.

Inventory:

Jewellery
 j - a ring of resist corrosion (left hand)
Scrolls
 c - 2 scrolls of teleportation {unknown}
 d - a scroll of vulnerability {unknown}
 e - 2 scrolls of enchant armour {unknown}
 f - a scroll of poison {unknown}
 k - 2 scrolls of blinking {unknown}
Potions
 a - 2 potions of lignification
 b - 4 potions of curing {unknown}
 g - a potion of berserk rage {unknown}
 h - a potion of mutation {unknown}
 i - a potion of degeneration {unknown}
 l - a potion of attraction {unknown}
 m - a potion of resistance {unknown}
 n - 3 potions of heal wounds {unknown}


   Skills:
 + Level 4.0 Fighting
 - Level 1.7 Dodging
 - Level 3.0 Unarmed Combat
 - Level 2.0 Spellcasting
 + Level 4.1 Transmutations


You had 2 spell levels left.
You knew the following spells:

 Your Spells              Type           Power      Damage    Failure   Level
a - Beastly Appendage     Tmut           26%        N/A       4%          1
b - Wereblood             Tmut           13%        N/A       6%          2
c - Spider Form           Tmut/Pois      7%         N/A       28%         3

Your spell library contained the following spells:

 Spells                   Type           Power      Damage    Failure   Level
 Ice Form                 Ice/Tmut       7%         N/A       67%         4


Dungeon Overview and Level Annotations

Branches:
Dungeon (3/15)

Altars:
Nemelex Xobeh
Qazlal
Yredelemnul

Shops:
D:1 ?


Innate Abilities, Weirdness & Mutations

Your plain brown scales are hard. (AC +5)
You cannot fit into any form of body armour.
You are cold-blooded and may be slowed by cold attacks.


Message History

The magic dart hits your giant cockroach zombie!
Your giant cockroach zombie is destroyed!
The orc wizard gestures wildly while chanting.
The orc wizard flickers and vanishes!
A puff of flame appears from out of thin air!
The puff of flame hits your orc zombie! Something hits your orc zombie.
Your orc zombie is destroyed!
Your adder zombie resists with significant effort.
Your adder zombie appears confused.
Your adder zombie bites your jackal zombie.
Your adder zombie appears confused.
Your adder zombie closely misses your jackal zombie.
Your adder zombie closely misses your jackal zombie.
Something hits your adder zombie.
Your adder zombie bites something.
Something hits your adder zombie. Something hits your adder zombie.
Your adder zombie bites your jackal zombie.
Your jackal zombie is destroyed!
Your adder zombie bites itself.
Something hits your adder zombie.
Your adder zombie is destroyed!
A magic dart appears from out of thin air!
The magic dart hits your jackal zombie!
Your jackal zombie is destroyed!
A puff of flame appears from out of thin air!
The puff of flame hits your jackal zombie!
Your jackal zombie is destroyed!
You are confused.
Unknown command.
You're too confused to cast spells.
A puff of flame appears from out of thin air!
The puff of flame hits you!
* * * LOW HITPOINT WARNING * * *
Unknown command.
You bump into the rock wall.
You bump into the rock wall.
A puff of flame appears from out of thin air!
The puff of flame hits you!
You die...
Your body rises from the dead as a mindless zombie.

## #.# .##### #.# .....# #.#
#.. .###.# #.# #.# ## #.# #{#
#.# # #.# #.# #.# #.# #
#.#####.#####.# #.# #
#.##.......##.# #.# #
#.##.##.##.##@# #.# #
#.............# #.#
##......##.#### #<#
##.#.##.##Z# #)# #........#Z#
#.# #..#....ZZ.# #######.#
#..####Z######.......#######
#..####.#..................#
####.Z.ZZZZ..####.###########.#


There were no monsters in sight!

Vanquished Creatures
  An iguana (D:2)
  4 gnolls
  5 adders
  2 worms (D:2)
  A dart slug (D:1)
  2 orcs (D:3)
  5 endoplasms
  A giant cockroach (D:3)
  2 goblins (D:1)
  A hobgoblin (D:3)
  3 jackals (D:3)
  6 kobolds
  A quokka (D:1)
  2 ball pythons (D:1)
  4 bats
  4 frilled lizards
  5 rats
49 creatures vanquished.

Vanquished Creatures (collateral kills)
  An orc (D:3)
  A goblin (D:2)
  A quokka (D:2)
  A jackal zombie (D:3)
4 creatures vanquished.

Vanquished Creatures (others)
  2 adder zombies (D:3)
  A bat zombie (D:2)
  An endoplasm zombie (D:3)
  A giant cockroach zombie (D:3)
  2 jackal zombies (D:3)
  2 orc zombies (D:3)
9 creatures vanquished.

Grand Total: 62 creatures vanquished

Notes
Turn   | Place    | Note
-------+----------+-------------------------------------------
     0 | D:1      | cdecastro the Draconian Transmuter began the quest for the
                  | Orb.
     0 | D:1      | Reached XP level 1. HP: 16/16 MP: 3/3
    66 | D:1      | Found Xuz Hut's Magic Scroll Boutique.
   230 | D:1      | Reached XP level 2. HP: 21/24 MP: 3/5
   782 | D:2      | Reached XP level 3. HP: 30/30 MP: 4/6
  1086 | D:2      | Found a sparkling altar of Nemelex Xobeh.
  1112 | D:2      | Learned a level 2 spell: Wereblood
  1116 | D:2      | Learned a level 3 spell: Spider Form
  1193 | D:2      | Found a faded altar of an unknown god.
  1203 | D:2      | Prayed at the altar of an unknown god.
  1203 | D:2      | Became a worshipper of Yredelemnul the Dark
  1203 | D:2      | Reached * piety under Yredelemnul
  1255 | D:2      | Reached XP level 4. HP: 17/38 MP: 7/7
  1668 | D:3      | Reached XP level 5. HP: 30/46 MP: 6/8
  1766 | D:3      | Found a stormy altar of Qazlal.
  1955 | D:3      | Killed from afar by an orc wizard

Illustrated notes

Levels and vault maps discovered:
D:1:      tarquinn_simple_flora_water_e, layout_rooms, serial_shops,
          nicolae_shop_tiny_statue_garden, minmay_tetromino_s2
D:2:      layout_rooms, serial_bayou, serial_bayou_pond_e, serial_bayou_pond_a,
          serial_bayou_lagoon_b, serial_bayou_pond_d,
          ebering_ecumenical_altar_sacrificial, basic_altar
D:3:      layout_loops_ring, old_standard_altar

Skill      XL: |  1  2  3  4  5 |
---------------+----------------+-----
Fighting       | 2 3 4 |  4.0
Transmutations | 3 4 |  4.1
Dodging        | |  1.7
Unarmed Combat | |  3.0
Spellcasting   | |  2.0

Action                     |  1- 3 |  4- 6 || total
---------------------------+-------+-------++-------
  Melee: Unarmed           |    84 |    63 ||   147
         Kick              |    22 |    10 ||    32
         Headbutt          |    14 |     6 ||    20
         Tailslap          |     5 |     6 ||    11
         Punch             |     1 |     2 ||     3
   Cast: Beastly Appendage |    24 |     9 ||    33
         Wereblood         |       |     1 ||     1
 Armour: Skin              |    20 |    20 ||    40
  Dodge: Dodged            |    51 |    36 ||    87
